 Dungeon Crawl Stone Soup version 0.24.0-1-gfbc8707122 (webtiles) character file.

Game seed: 11601418673544945212, levelgen mode: deterministic

129001 night the Warrior (level 17, -10/104 HPs)
             Began as a Gargoyle Earth Elementalist on Oct 27, 2019.
             Was the Champion of Cheibriados.
             Killed from afar by a nagaraja (30 damage)
             ... with an orb of energy
             ... on level 3 of the Snake Pit.
             The game lasted 03:07:01 (40400 turns).

night the Warrior (Gargoyle Earth Elementalist)    Turns: 40400, Time: 03:07:02

Health: -10/104    AC: 27    Str: 27    XL:     17   Next: 4%
Magic:  6/41       EV:  9    Int: 38    God:    Cheibriados [******]
Gold:   495        SH:  7    Dex: 25    Spells: 3/39 levels left

rFire    . . .     SeeInvis .   a - +4 flail (elec)
rCold    + + .     Gourm    .   p - +1 buckler {rC+}
rNeg     + . .     Faith    .   s - +3 troll leather armour {Snorg}
rPois    ∞         Spirit   .   T - +2 hat {MR+}
rElec    +         Reflect  .   B - scarf {repulsion}
rCorr    .         Harm     .   (no gloves)
MR       ++++.                  z - +2 pair of boots {Stlth+}
Stlth    ++........             X - amulet of the acrobat
HPRegen  0.67/turn              w - ring "Faroa" {rPois rC+ MR++}
MPRegen  0.27/turn              F - ring of magical power

@: flying, constricted, repel missiles, very slow
A: big wings, icy blue scales 1, frail 1, negative energy resistance 1,
electricity resistance, unbreathing, petrification resistance, rot immunity, AC
+12
a: Stop Flying, Bend Time, Temporal Distortion, Slouch, Step From Time, Renounce
Religion


You were on level 3 of the Snake Pit.
You worshipped Cheibriados.
Cheibriados was exalted by your worship.
You were near starving.

You visited 4 branches of the dungeon, and saw 26 of its levels.
You also visited: Sewer, Gauntlet and Ice Cave.

You collected 2048 gold pieces.
You spent 1553 gold pieces at shops.

Inventory:

Hand Weapons
 a - a +4 flail of electrocution (weapon)
 h - a +4 morningstar of freezing
 I - the +8 dagger "Zicwour Zine" {freeze, rPois}
   (You found it on level 2 of the Snake Pit)

   It has been specially enchanted to freeze those struck by it, causing extra
   injury to most foes and up to half again as much damage against particularly
   susceptible opponents.
   It can also slow down cold-blooded creatures.
   It protects you from poison.
Missiles
 j - 52 boomerangs (quivered)
 q - 615 stones
 G - 16 atropa-tipped darts
 K - 4 throwing nets
 P - 10 javelins
 U - 22 silver javelins
Armour
 p - a +1 buckler of cold resistance (worn)
 s - a +3 troll leather armour (worn) {Snorg}
 z - a +2 pair of boots of stealth (worn)
 B - a scarf of repulsion (worn)
 T - a +2 hat of magic resistance (worn)
Magical Staves
 b - an uncursed staff of energy
 o - an uncursed staff of power
Jewellery
 i - an uncursed ring of fire
 m - an uncursed ring of stealth
 r - an uncursed ring of stealth
 w - the ring "Faroa" (left hand) {rPois rC+ MR++}
   (You bought it in a shop on level 2 of the Orcish Mines)

   [ring of protection from cold]

   It protects you from cold.
   It protects you from poison.
   It affects your resistance to hostile enchantments.
 C - an uncursed ring of see invisible
 F - a ring of magical power (right hand)
 L - an uncursed ring of protection from fire
 M - an uncursed ring of resist corrosion
 N - an uncursed ring of protection from magic
 X - an amulet of the acrobat (around neck)
 Z - the ring "Qung" {rC+ rN+ Int+3 Dex+2}
   (You bought it in a shop on level 1 of the Snake Pit)

   [ring of intelligence]

   It affects your intelligence (+3).
   It affects your dexterity (+2).
   It protects you from cold.
   It protects you from negative energy.
Wands
 c - a wand of disintegration (42)
 g - a wand of acid (12)
 t - a wand of clouds (9)
 y - a wand of digging (7)
 J - a wand of enslavement (10)
 O - a wand of paralysis (32)
 R - a wand of polymorph (3)
 Y - a wand of scattershot (7)
Scrolls
 v - 5 scrolls of magic mapping
 x - 2 scrolls of remove curse
 E - 3 scrolls of fear
 H - 5 scrolls of teleportation
 Q - 4 scrolls of identify
 S - 2 scrolls of blinking
 W - 2 scrolls of fog
Potions
 e - 2 potions of invisibility
 f - a potion of cancellation
 k - a potion of agility
 n - 5 potions of curing
 u - 2 potions of lignification
 V - 4 potions of heal wounds
Miscellaneous
 l - a lamp of fire
 A - a crystal ball of energy
Comestibles
 d - 29 rations


   Skills:
 + Level 16.7 Fighting
 - Level 3.6 Armour
 - Level 1.5 Dodging
 - Level 2.1 Stealth
 - Level 4.5 Shields
 + Level 11.5 Spellcasting
 + Level 15.1 Conjurations
 + Level 6.3 Summonings
 - Level 0.7 Transmutations
 + Level 13.8 Earth Magic
 - Level 11.7 Invocations
 - Level 7.2 Evocations


You had 3 spell levels left.
You knew the following spells:

 Your Spells              Type           Power        Failure   Level  Hunger
a - Sandblast             Erth           ######       0%          1    None
b - Stone Arrow           Conj/Erth      ######       0%          3    None
c - Lee's Rapid Deconstr  Erth           #######...   1%          5    None
d - Petrify               Tmut/Erth      ######..     1%          4    None
e - Mephitic Cloud        Conj/Pois/Air  ######..     1%          3    None
f - Iron Shot             Conj/Erth      #######...   1%          6    ###....
g - Orb of Destruction    Conj           #######...   3%          7    #####..
h - Spellforged Servitor  Conj/Summ      #######...   21%         7    #####..

Your spell library contained the following spells:

 Spells                   Type           Power        Failure   Level  Hunger
 Animate Skeleton         Necr           N/A          1%          1    None
 Apportation              Tloc           ###...       1%          1    None
 Confusing Touch          Hex            ###...       1%          1    None
 Corona                   Hex            ###....      1%          1    None
 Freeze                   Ice            ###.         1%          1    None
 Sting                    Conj/Pois      ####         1%          1    None
 Summon Small Mammal      Summ           ####         1%          1    None
 Call Imp                 Summ           ######..     1%          2    None
 Passwall                 Tmut/Erth      ######..     1%          2    None
 Throw Frost              Conj/Ice       ######       1%          2    None
 Call Canine Familiar     Summ           ######..     1%          3    None
 Dazzling Spray           Conj/Hex       ######       1%          3    None
 Blink                    Tloc           N/A          3%          2    None
 Corpse Rot               Necr           N/A          3%          2    None
 Ensorcelled Hibernation  Hex/Ice        ###...       3%          2    None
 Poisonous Vapours        Pois/Air       ###...       3%          2    None
 Shroud of Golubria       Chrm/Tloc      ###...       3%          2    None
 Swiftness                Chrm/Air       ###.....     3%          2    None
 Spider Form              Tmut/Pois      ###.......   4%          3    None
 Ignite Poison            Fire/Tmut/Pois ###.....     5%          3    None
 Confuse                  Hex            ###.....     6%          3    None
 Gell's Gravitas          Tloc           ###.......   6%          3    None
 Lesser Beckoning         Tloc           ###.......   6%          3    None
 Ozocubu's Armour         Chrm/Ice       ###.....     6%          3    None
 Teleport Other           Tloc           ###.....     6%          3    None
 Leda's Liquefaction      Hex/Erth       ######....   1%          4    None
 Throw Icicle             Conj/Ice       ######..     1%          4    None
 Bolt of Magma            Conj/Fire/Erth #######...   1%          5    None
 Irradiate                Conj/Tmut      ######....   1%          5    None
 Bolt of Draining         Conj/Necr      ######....   2%          5    None
 Fireball                 Conj/Fire      ######....   2%          5    None
 Iskenderun's Battlesphe  Conj/Chrm      ######..     2%          5    None
 Venom Bolt               Conj/Pois      ######....   2%          5    None
 Aura of Abjuration       Summ           ######....   4%          5    None
 Summon Ice Beast         Ice/Summ       #####...     5%          4    None
 Summon Lightning Spire   Summ/Air       #####...     5%          4    None
 Bolt of Fire             Conj/Fire      ######....   13%         6    ###....
 Summon Forest            Summ/Tloc      #####.....   14%         5    None
 Summon Mana Viper        Hex/Summ       #####...     14%         5    None
 Ice Form                 Ice/Tmut       ###.....     16%         4    None
 Olgreb's Toxic Radiance  Pois           ###.....     19%         4    None
 Passage of Golubria      Tloc           N/A          19%         4    None
 Shadow Creatures         Summ           N/A          22%         6    ###....
 Yara's Violent Unravell  Hex/Tmut       ###.......   41%         5    None
 Agony                    Necr           ###.....     47%         5    None
 Dispel Undead            Necr           ###.....     47%         5    None
 Excruciating Wounds      Chrm/Necr      ###.......   47%         5    None
 Hydra Form               Tmut           ####......   91%         6    ###....
 Darkness                 Hex            ###.......   96%         6    ###....
 Invisibility             Hex            ###.....     96%         6    ###....
 Ring of Flames           Chrm/Fire      ###.......   100%        7    #####..
 Ignition                 Fire           ###.......   100%        8    ######.
 Sublimation of Blood     Necr           Unusable     N/A         2    N/A

Dungeon Overview and Level Annotations

Branches:
Dungeon (15/15)            Temple (0/1) D:6            Lair (6/6) D:9
 Shoals (0/4) Lair:4        Snake (3/4) Lair:2        Slime (0/5) Lair:6
    Orc (2/2) D:9             Elf (0/3) Orc:2        Vaults (0/5) D:13
 Depths (0/5) D:15          Sewer (visited)           IceCv (visited)
Gauntlet (visited)

Altars:
Cheibriados
Makhleb
Qazlal
Trog
The Shining One
Jiyva

Shops:
D:5 }   D:7 :   D:9 [   D:11 (   D:14 ?*   Orc:2 (=**[%[[*   Snake:1 }==

Portals:
Trove: D:11 (give 2 scrolls of acquirement)

Annotations:
D:8 1 transporter, Medar's ghost, novice HaSk
Lair:3 3 runed translucent doors, Oluanan's ghost, journeyman DsFi


Innate Abilities, Weirdness & Mutations

You are resistant to torment.
Your stone body is resilient. (AC +12)
You are immune to poison.
Your large and strong wings let you fly indefinitely.
You resist negative energy. (rN+)
You are resistant to electric shocks. (rElec)
You can survive without breathing.
You are immune to petrification.
You are immune to rotting.
You are partially covered in icy blue scales. (AC +2)
You are frail. (-10% HP)


Message History

The nagaraja gestures at you while chanting.
You resist with almost no effort. The nagaraja constricts you.
The nagaraja spits poison at you.
The splash of poison hits you but does no damage.
You resist. The nagaraja constricts you.
You closely miss the nagaraja.
The nagaraja is severely wounded.
The nagaraja points at you and mumbles some strange words.
The poison arrow hits you! You partially resist.
* * * LOW HITPOINT WARNING * * *
x2 The nagaraja constricts you.
The nagaraja points at you and mumbles some strange words.
The poison arrow misses you.
* * * LOW HITPOINT WARNING * * *
The nagaraja constricts you.
You sock the nagaraja!
The nagaraja is severely wounded.
The nagaraja points at you and mumbles some strange words.
The orb of energy hits you!!
You die...

.## ....###
......$##
.#.....}##
...##..)/#
..##.#.#@#
..#.$.#.N#
.#.#.##...
:...##..).#
#!.....#..#
##%......).
####.......
####....


You could see a nagaraja.

Vanquished Creatures
  Jorgrun (Orc:1)
  A nagaraja (Snake:3)
  An orc warlord (Orc:2)
  Aizul (Snake:1)
  4 dire elephants (Lair:6)
  A minotaur (Gauntlet)
  Snorg (D:12)
  A death ooze (Gauntlet)
  2 ogre magi (D:15)
  4 vault guards
  Josephine (Lair:5)
  Fannar (Lair:3)
  2 naga warriors (Snake:2)
  Harold (D:8)
  5 hydras
  A death knight (D:13)
  8 anacondas
  7 two-headed ogres
  3 centaur warriors
  6 tengu warriors
  4 shock serpents
  4 naga sharpshooters
  5 orc high priests (Orc:2)
  12 slime creatures
  2 salamander mystics (Snake:2)
  An unseen horror (D:10)
  A naga ritualist (Snake:1)
  2 wizards
  4 orc knights
  7 mana vipers
  A lindwurm (Lair:5)
  A deep elf mage (D:14)
  9 ugly things
  3 orc sorcerers
  6 salamanders
  7 cyclopes
  2 manticores
  A manticore (shapeshifter) (D:15)
  17 black mambas
  A guardian serpent (Snake:1)
  A moth of wrath (Gauntlet)
  16 elephants
  5 centaur zombies
  A torpor snail (Lair:3)
  A gargoyle (D:10)
  12 naga magi
  7 spiny frogs
  An efreet (D:15)
  A redback zombie (D:15)
  9 komodo dragons
  2 freezing wraiths (D:14)
  A rime drake (Lair:3)
  A polar bear (Lair:6)
  4 tengu conjurers
  A merfolk (D:10)
  10 trolls
  A hornet (shapeshifter) (D:13)
  3 hornets
  A meliai zombie (D:15)
  16 blink frogs
  13 hippogriffs
  7 wraiths
  2 shadows (D:14)
  A vampire (D:13)
  4 redbacks (Gauntlet)
  3 wyverns
  39 yaks
  A basilisk (Lair:6)
  A hungry ghost (D:9)
  3 vampire mosquitoes (D:13)
  A steam dragon (D:9)
  23 nagas
  3 wargs
  An acid dragon (D:12)
  15 water moccasins
  7 porcupines
  A hornet zombie (D:11)
  3 sky beasts
  36 orc warriors
  12 ice beasts
  2 phantoms
  13 ogres
  2 necrophages
  13 centaurs
  9 crocodiles
  A big kobold (D:8)
  15 bullfrogs
  A wyvern zombie (D:12)
  4 jellies
  A scorpion (D:4)
  13 killer bees
  12 wights
  7 crimson imps
  3 bullfrog zombies
  5 hounds
  A bullfrog skeleton (D:4)
  23 orc wizards
  32 orc priests
  4 centaur skeletons
  5 iguanas
  Natasha (thrice) (D:2)
  5 worker ants
  A killer bee zombie (D:10)
  2 hound zombies
  A howler monkey zombie (D:10)
  A mummy (D:10)
  3 worker ant zombies
  Robin (D:2)
  4 gnolls
  10 adders
  6 shadow imps
  2 white imps (Gauntlet)
  8 oozes (Sewer)
  2 adder zombies
  4 adder skeletons
  2 worms
  A dart slug (D:2)
  17 leopard geckos
  93 orcs
  12 giant cockroaches
  19 goblins
  11 hobgoblins
  3 jackals (D:4)
  2 quokkas
  9 ball pythons
  10 bats
  11 frilled lizards
  21 kobolds
  7 rats
  A fungus (Lair:5)
  3 plants (Lair:6)
853 creatures vanquished.

Vanquished Creatures (collateral kills)
  A naga (Snake:2)
  A killer bee (D:10)
  An orc wizard (D:7)
  An orc (D:7)
4 creatures vanquished.

Vanquished Creatures (others)
  6 white imps (IceCv)
  3 ufetubi (IceCv)
  14 fungi
  19 plants
42 creatures vanquished.

Grand Total: 899 creatures vanquished

Notes
Turn   | Place    | Note
-------+----------+-------------------------------------------
     0 | D:1      | night the Gargoyle Earth Elementalist began the quest for
                  | the Orb.
     0 | D:1      | Reached XP level 1. HP: 10/10 MP: 3/3
   371 | D:1      | Reached XP level 2. HP: 16/16 MP: 5/5
   404 | D:1      | Reached skill level 1 in Fighting
   800 | D:1      | Reached XP level 3. HP: 20/20 MP: 6/6
  1161 | D:2      | Learned a level 3 spell: Stone Arrow
  1255 | D:2      | Noticed Natasha
  1281 | D:2      | Killed Natasha
  1281 | D:2      | Reached skill level 2 in Fighting
  1281 | D:2      | Reached XP level 4. HP: 7/26 MP: 0/8
  1567 | D:2      | Found a bloodstained altar of Trog.
  1567 | D:2      | Found a glowing golden altar of the Shining One.
  1568 | D:2      | Noticed Natasha
  1573 | D:2      | Killed Natasha
  1769 | D:2      | Noticed Robin
  1812 | D:2      | Killed Robin
  2019 | D:2      | Noticed Natasha
  2022 | D:2      | Killed Natasha
  2022 | D:2      | Reached skill level 5 in Earth Magic
  2022 | D:2      | Reached XP level 5. HP: 32/32 MP: 2/9
  2295 | D:2      | Found a snail-covered altar of Cheibriados.
  2301 | D:2      | Became a worshipper of Cheibriados the Contemplative
  2542 | D:3      | Noticed a centaur
  2547 | D:3      | Killed a centaur
  2547 | D:3      | Reached skill level 3 in Fighting
  2547 | D:3      | Reached XP level 6. HP: 33/37 MP: 0/11
  2734 | D:3      | Learned a level 5 spell: Lee's Rapid Deconstruction
  3053 | D:3      | Found a glowing golden altar of the Shining One.
  3197 | D:3      | Reached * piety under Cheibriados
  4075 | D:4      | Reached skill level 4 in Fighting
  4086 | D:4      | Reached XP level 7. HP: 37/43 MP: 6/13
  4980 | D:5      | Entered Level 5 of the Dungeon
  5217 | D:5      | Found a glowing drain.
  5234 | Sewer    | Entered a sewer
  5264 | Sewer    | Reached ** piety under Cheibriados
  5570 | Sewer    | Reached *** piety under Cheibriados
  5677 | Sewer    | Reached skill level 1 in Invocations
  5708 | Sewer    | Got an ichor-stained ring mail
  6027 | D:5      | Learned a level 4 spell: Petrify
  6070 | D:5      | Reached skill level 5 in Fighting
  6190 | D:5      | Reached XP level 8. HP: 39/49 MP: 8/15
  6385 | D:5      | Identified the cursed +1 ring mail of Adyc {*Drain +Fly rN+
                  | Dex+8} (You found it in a sewer)
  6392 | D:5      | Found Zocheeru's Gadget Boutique.
  6431 | D:5      | Reached **** piety under Cheibriados
  6431 | D:5      | Reached skill level 5 in Spellcasting
  7071 | D:6      | Reached skill level 6 in Fighting
  7222 | D:6      | Found a staircase to the Ecumenical Temple.
  7695 | D:6      | Reached XP level 9. HP: 51/56 MP: 17/17
  7733 | D:7      | Found Ybaon's Book Emporium.
  7751 | D:7      | Reached ***** piety under Cheibriados
  8137 | D:7      | Noticed Harold
  8141 | D:7      | Found a stormy altar of Qazlal.
  8208 | D:8      | Reached skill level 5 in Invocations
  8292 | D:8      | Reached skill level 1 in Conjurations
  8319 | D:8      | Reached skill level 7 in Fighting
  8451 | D:8      | Learned a level 3 spell: Mephitic Cloud
  8580 | D:8      | Noticed Medar's ghost (novice HaSk)
  8581 | D:8      | Found a transporter.
  8581 | D:8      | Identified the cursed +1 great mace of Terror {crush, rElec
                  | rN++ Dex+4}
  9320 | D:8      | Killed Harold
  9320 | D:8      | Reached XP level 10. HP: 23/64 MP: 0/20
  9526 | D:7      | Reached skill level 5 in Conjurations
  9899 | D:9      | Found Vitaarilo's Armour Shoppe.
  9973 | D:9      | Found a staircase to the Orcish Mines.
 10000 | D:9      | Reached skill level 8 in Fighting
 10227 | D:9      | Got a vibrating copper amulet
 10346 | D:9      | Learned a level 6 spell: Iron Shot
 10346 | D:9      | Identified the amulet of Esie {Harm *Drain rElec Dex+6}
                  | (You found it on level 9 of the Dungeon)
 11337 | D:9      | Found a staircase to the Lair.
 11671 | D:9      | Reached ****** piety under Cheibriados
 11961 | D:10     | Entered Level 10 of the Dungeon
 11963 | D:10     | Reached XP level 11. HP: 69/69 MP: 15/22
 12204 | D:10     | Reached skill level 9 in Fighting
 12608 | D:10     | Killed an unseen horror
 12856 | D:10     | You fall into a shaft and drop 1 floor!
 12872 | D:11     | Noticed a two-headed ogre
 12893 | D:11     | Killed a two-headed ogre
 13423 | D:11     | Found Piargh's Antique Weapon Shoppe.
 13473 | D:11     | Noticed a brown ugly thing
 13479 | D:11     | Killed a brown ugly thing
 13730 | D:11     | Found a portal to a secret trove of treasure.
 13949 | Lair:1   | Entered Level 1 of the Lair of Beasts
 13970 | Lair:1   | Reached skill level 1 in Shields
 14822 | Lair:1   | Noticed a four-headed hydra
 14827 | Lair:1   | Killed a four-headed hydra
 14827 | Lair:1   | Reached XP level 12. HP: 67/77 MP: 11/24
 15086 | Lair:1   | Reached skill level 10 in Earth Magic
 15250 | Lair:1   | Identified a scroll of acquirement
 15410 | Lair:2   | Reached skill level 10 in Fighting
 15805 | Lair:2   | Gained mutation: You are dopey. (Int -2) [potion of
                  | mutation]
 15805 | Lair:2   | Gained mutation: You are frail. (-10% HP) [potion of
                  | mutation]
 15805 | Lair:2   | Gained mutation: You evolve. [potion of mutation]
 15805 | Lair:2   | Gained mutation: You are partially covered in icy blue
                  | scales. (AC +2) [potion of mutation]
 15861 | Lair:2   | Found a staircase to the Snake Pit.
 16395 | Lair:3   | Found a gate leading to a gauntlet.
 16404 | Gauntlet | Entered a Gauntlet
 16404 | Gauntlet | Found a transporter.
 16404 | Gauntlet | Found a transporter.
 16405 | Gauntlet | Found a transporter.
 16408 | Gauntlet | Found a transporter.
 16410 | Gauntlet | Found a transporter.
 16417 | Gauntlet | Noticed a death ooze
 16418 | Gauntlet | Found a transporter.
 16422 | Gauntlet | Found a transporter.
 16443 | Gauntlet | Found a transporter.
 16524 | Gauntlet | Found a transporter.
 16534 | Gauntlet | Found a transporter.
 16538 | Gauntlet | Found a transporter.
 16547 | Gauntlet | Noticed a catoblepas
 16548 | Gauntlet | Found a transporter.
 16584 | Gauntlet | Lost mutation: You are dopey. (Int -2) [evolution]
 16584 | Gauntlet | Lost mutation: You evolve. [end of evolution]
 16638 | Gauntlet | Reached skill level 10 in Conjurations
 16720 | Gauntlet | Killed a death ooze
 17119 | Gauntlet | Identified the +12 dire flail of Lotwarea {drain, *Rage
                  | +Blink Dex+8}
 17119 | Gauntlet | Identified the +4 scale mail of Dobb {+Inv rElec MP-9
                  | Stlth+}
 17119 | Gauntlet | Noticed a minotaur
 17126 | Gauntlet | Killed a minotaur
 17133 | Gauntlet | Identified the Collected Works on Malediction
 17136 | Gauntlet | Identified Nelumm's Grimoire of Transmigration
 17505 | Lair:3   | Reached skill level 11 in Fighting
 17565 | Lair:3   | Noticed Fannar
 17586 | Lair:3   | Killed Fannar
 17707 | Lair:3   | Found a runed translucent gate.
 17714 | Lair:3   | Noticed a ten-headed hydra
 17715 | Lair:3   | Noticed Oluanan's ghost (journeyman DsFi)
 17774 | Lair:3   | Found a runed translucent gate.
 17774 | Lair:3   | Found a runed translucent gate.
 17775 | Lair:3   | Noticed a ten-headed hydra
 17969 | Lair:3   | Reached XP level 13. HP: 33/75 MP: 13/26
 19029 | Lair:4   | Found a staircase to the Shoals.
 20065 | Lair:5   | Reached skill level 12 in Fighting
 20961 | Lair:5   | Noticed Josephine
 21139 | Lair:5   | Killed Josephine
 21442 | Lair:6   | Entered Level 6 of the Lair of Beasts
 21990 | Lair:5   | Reached skill level 10 in Spellcasting
 22201 | Lair:6   | Reached skill level 10 in Invocations
 22709 | Lair:6   | Gained mutation: Your large and strong wings let you fly
                  | indefinitely. [Gargoyle growth]
 22709 | Lair:6   | Reached XP level 14. HP: 82/82 MP: 21/28
 23163 | Lair:6   | Reached skill level 13 in Fighting
 23461 | Lair:6   | Found a viscous altar of Jiyva.
 23461 | Lair:6   | Found a staircase to the Slime Pits.
 24255 | Lair:6   | Noticed a dire elephant
 24260 | Lair:6   | Killed a dire elephant
 24370 | Lair:6   | Identified the Collected Works on Fetching Aid
 24399 | Lair:6   | Noticed a dire elephant
 24399 | Lair:6   | Noticed a dire elephant
 24421 | Lair:6   | Killed a dire elephant
 24426 | Lair:6   | Killed a dire elephant
 24753 | Lair:6   | Noticed a dire elephant
 24760 | Lair:6   | Killed a dire elephant
 25904 | D:12     | Noticed Snorg
 25915 | D:12     | Killed Snorg
 26220 | D:12     | Got a smoking plate armour
 26231 | D:12     | Identified the +2 plate armour "Ytupsa" {rPois rCorr} (You
                  | found it on level 12 of the Dungeon)
 27154 | D:13     | Reached skill level 14 in Fighting
 27264 | D:13     | Found a gate to the Vaults.
 27697 | D:13     | Learned a level 7 spell: Orb of Destruction
 27861 | D:13     | Reached XP level 15. HP: 90/90 MP: 22/29
 28602 | D:14     | Found Ocroxkorie's Elemental Accessories.
 29745 | D:14     | Found Uqarruid's Magic Scroll Boutique.
 29773 | D:15     | Entered Level 15 of the Dungeon
 30813 | D:15     | Reached skill level 15 in Fighting
 30814 | D:15     | Reached skill level 1 in Evocations
 31984 | D:15     | Found a staircase to the Depths.
 32270 | Snake:1  | Entered Level 1 of the Snake Pit
 32514 | Snake:1  | Noticed Aizul
 32523 | Snake:1  | Killed Aizul
 32589 | Snake:1  | Reached skill level 5 in Evocations
 32818 | Snake:1  | Found Caisan's Gadget Shop.
 32818 | Snake:1  | Found Xuhineot's Jewellery Emporium.
 32819 | Snake:1  | Found Fuohixek's Jewellery Emporium.
 32996 | Orc:1    | Entered Level 1 of the Orcish Mines
 32996 | Orc:1    | Found a frozen archway.
 33112 | D:9      | Reached skill level 16 in Fighting
 33180 | Orc:1    | Noticed Jorgrun
 33193 | Orc:1    | Killed Jorgrun
 33193 | Orc:1    | Reached XP level 16. HP: 99/99 MP: 5/31
 33382 | IceCv    | Entered an ice cave
 33743 | Orc:2    | Entered Level 2 of the Orcish Mines
 33743 | Orc:2    | Found Atimm's Antique Armour Shoppe.
 33850 | Orc:2    | Found Quq Coa's Armour Shoppe.
 34070 | Orc:2    | Found a burning altar of Makhleb.
 35265 | Orc:2    | Found Boogro's Antique Armour Shop.
 35386 | Orc:2    | Found a staircase to the Elven Halls.
 35404 | Orc:2    | Found Umuetwuq's General Store.
 35559 | Orc:2    | Found Hucvut's Food Boutique.
 36003 | Orc:2    | Reached skill level 1 in Armour
 36280 | Orc:2    | Found Vogum's Assorted Antiques.
 36280 | Orc:2    | Found Kocvelun's Weapon Shoppe.
 36281 | Orc:2    | Found Veuh's Assorted Antiques.
 36281 | Orc:2    | Found Aralami's Jewellery Emporium.
 36296 | Orc:2    | Bought a scorched copper ring for 160 gold pieces
 36296 | Orc:2    | Bought a pair of glowing boots for 240 gold pieces
 36384 | Orc:2    | Bought a runed scale mail for 182 gold pieces
 36388 | Orc:2    | Identified the ring "Faroa" {rPois rC+ MR++} (You bought it
                  | in a shop on level 2 of the Orcish Mines)
 36898 | Snake:1  | Bought an uncursed ring of magical power for 400 gold
                  | pieces
 36939 | Snake:1  | Bought the ring "Qung" {rC+ rN+ Int+3 Dex+2} for 571 gold
                  | pieces
 37170 | Snake:1  | Learned a level 7 spell: Spellforged Servitor
 37355 | Snake:1  | Reached skill level 1 in Summonings
 37827 | Snake:1  | Got a shimmering mace
 37828 | Snake:1  | Identified the cursed +2 mace "Ninimeom" {crush, +Inv rN+
                  | Str-5 Int+6} (You found it on level 1 of the Snake Pit)
 38123 | Lair:5   | Identified Sif Muna's Handbook of Cankerous Companions (You
                  | acquired it on level 5 of the Lair of Beasts)
 39076 | Snake:2  | Reached skill level 5 in Summonings
 39545 | Snake:1  | Reached skill level 15 in Conjurations
 39908 | Snake:2  | Identified the +8 dagger "Zicwour Zine" {freeze, rPois}
                  | (You found it on level 2 of the Snake Pit)
 40235 | Snake:3  | Noticed a nagaraja
 40245 | Snake:3  | Killed a nagaraja
 40329 | Snake:3  | Reached XP level 17. HP: 102/104 MP: 15/32
 40400 | Snake:3  | Killed from afar by a nagaraja

Levels and vault maps discovered:
D:1:      dpeg_arrival_court, layout_loops_ring, wad_floor_pattern_1
D:2:      layout_loops_ring, gammafunk_temple_overflow_pools,
          old_standard_altar, minmay_distorted, uniq_robin, uniq_natasha
D:3:      layout_basic, nicolae_tso_swordbearing_angel
D:4:      layout_layer_cave, first_ration
D:5:      layout_basic, cheibrodos_sewer_entry_drain, serial_shops, shop
D:6:      layout_cave_pools, minmay_temple_entry_junction_2
D:7:      layout_rooms, lemuel_crystal_altar, serial_shops, nicolae_shop_stone,
          uniq_harold
D:8:      layout_basic, gammafunk_ghost_smash
D:9:      corexii_shack_village, layout_long_grid, erik_lair_dragon,
          orc_0_dummy, serial_shops, shop
D:10:     minmay_shrinking_squares, layout_irregular_city, serial_undead,
          serial_undead_f, serial_undead_e, serial_undead_a, serial_undead_b,
          hangedman_fish_farm, roderic_serpentine_path, uniq_erica
D:11:     layout_long_grid, serial_shops, nicolae_shop_stone,
          nicolae_trove_entry_free_sample
D:12:     layout_long_grid, fungi_pond_lemuel, uniq_snorg
D:13:     layout_long_grid, lightli_vaults_fourway_checkpoint,
          hangedman_decor_growths
D:14:     layout_loops_cross, serial_shops, nicolae_shop_statue_plus,
          nicolae_elemental_shop
D:15:     grunt_enter_depths_magical_seal, layout_rooms
Lair:1:   layout_long_grid
Lair:2:   layout_misc_corridors, minmay_snake_entry_guardpost_small
Lair:3:   layout_concentric_octagons, gammafunk_ghost_hydra_chop,
          gauntlet_entry_generic, grunt_megastairs_5, uniq_fannar
Lair:4:   layout_regular_city, minmay_shoals_entry_centaurs, serial_forest,
          infiniplex_forest_clump_long, infiniplex_forest_clump_small,
          infiniplex_forest_side_room, infiniplex_forest_clump_large,
          infiniplex_forest_clump_small, infiniplex_forest_end_2,
          infiniplex_forest_clump_medium, nicolae_lair_grove_arrangements,
          serial_bayou_shore_b
Lair:5:   layout_cave_pods, serial_bayou_shore_a, uniq_josephine
Lair:6:   due_jungle_book, layout_gridlike, dpeg_slime_entry_enclosed_altar
Snake:1:  layout_rooms, grunt_megastairs_4, minmay_shop_grove, uniq_aizul
Snake:2:  layout_rooms
Snake:3:  cheibrodos_forgotten_conduit, layout_gridlike, serial_shops, shop,
          st_stairs_3
Orc:1:    layout_diamond_mine, portal_ice_cave_entry_ice_beasts, serial_shops,
          uniq_sonja, uniq_jorgrun
Orc:2:    st_orc_pillars, layout_diamond_mine, basic_altar, serial_shops, shop,
          shop_fountains, nicolae_shop_waterfront, nicolae_shop_behind_doors,
          nicolae_shop_window_shopping, nicolae_orc_lava_tube

Skill      XL: |  1  2  3  4  5  6  7  8  9 10 11 12 13 14 15 16 |
---------------+-------------------------------------------------+-----
Fighting       | 1 2 3 4 5 6 7 8 9 11 12 14 16 | 16.7
Earth Magic    | 4 5 6 8 9 11 12 13 | 13.8
Spellcasting   | 3 4 5 6 7 8 9 10 11 | 11.5
Invocations    | 2 4 6 7 8 9 10 11 | 11.7
Conjurations   | 4 7 9 11 12 14 15 | 15.1
Shields        | 4 |  4.5
Evocations     | 5 7 |  7.2
Armour         | 3 |  3.6
Summonings     | 6 |  6.3
Dodging        | |  1.5
Stealth        | |  2.1
Transmutations | |  0.7

Action                   |  1- 3 |  4- 6 |  7- 9 | 10-12 | 13-15 | 16-18 || total
-------------------------+-------+-------+-------+-------+-------+-------++-------
Melee: Mace              |    59 |   116 |   133 |    14 |       |       ||   322
       Unarmed           |     7 |       |       |       |       |       ||     7
       Dagger            |       |    10 |     5 |    37 |     6 |     5 ||    63
       Flail             |       |       |   129 |   231 |   355 |   213 ||   928
       Staff             |       |       |       |       |    35 |    39 ||    74
 Fire: Shortbow          |       |    23 |    44 |     9 |       |       ||    76
Throw: Boomerang         |       |       |       |     1 |    17 |     6 ||    24
 Cast: Sandblast         |    14 |     9 |     4 |    16 |     3 |     4 ||    50
       Stone Arrow       |     3 |    25 |    62 |   117 |   200 |    81 ||   488
       Lee's Rapid Decon |       |       |     4 |    15 |    67 |    32 ||   118
       Petrify           |       |       |     4 |     5 |     5 |     1 ||    15
       Mephitic Cloud    |       |       |     1 |    10 |     6 |       ||    17
       Iron Shot         |       |       |       |     7 |   118 |    58 ||   183
       Orb of Destructio |       |       |       |       |    16 |    25 ||    41
       Spellforged Servi |       |       |       |       |       |     1 ||     1
Invok: Slouch            |       |       |       |     1 |     5 |     6 ||    12
       Bend Time         |       |       |       |       |     1 |       ||     1
       Step From Time    |       |       |       |       |     1 |       ||     1
 Abil: Fly               |       |       |       |       |     1 |       ||     1
Evoke: Wand              |       |       |     2 |     1 |     1 |     3 ||     7
       Lamp of fire      |       |       |       |       |     4 |       ||     4
       Crystal ball of e |       |       |       |       |       |     5 ||     5
       Staff of energy   |       |       |       |       |       |     4 ||     4
  Use: Scroll            |     5 |     3 |     9 |     9 |    12 |     5 ||    43
       Potion            |     1 |       |     2 |     4 |     3 |       ||    10
 Stab: Sleeping          |     1 |     2 |     3 |     2 |     2 |       ||    10
       Petrified         |       |       |    13 |    16 |     8 |     2 ||    39
       Paralysed         |       |       |       |     5 |       |       ||     5
       Confused          |       |       |       |     2 |     3 |       ||     5
       Petrifying        |       |       |       |       |     2 |       ||     2
  Eat: Chunk             |     1 |    11 |     6 |    24 |    23 |    12 ||    77
       Ration            |       |       |     1 |       |     4 |     1 ||     6
Armor: Robe              |    42 |    23 |       |       |       |       ||    65
       Animal skin       |       |    48 |    78 |       |       |       ||   126
       Ring mail         |       |       |   155 |   196 |   193 |       ||   544
       Troll leather arm |       |       |       |       |   182 |   187 ||   369
Dodge: Dodged            |    60 |   118 |   260 |   253 |   460 |   265 ||  1416
       Deflected         |       |       |       |       |    22 |    26 ||    48
Block: Buckler           |       |       |       |    42 |   291 |   167 ||   500
